[Event "ICC tourney 2029 (45 10)"]
[Site "Internet Chess Club"]
[Date "2020.10.03"]
[Round "1"]
[White "michaelxiao"]
[Black "awakeflood"]
[Result "0-1"]
[ICCResult "White checkmated"]
[WhiteElo "1328"]
[BlackElo "1765"]
[Opening "English opening"]
[ECO "A10"]
[NIC "EO.63"]
[Time "11:06:57"]
[TimeControl "2700+10"]

1. c4 b6 2. g3 Bb7 3. Nf3 e6 4. Bg2 f5 5. Nc3 Nf6 6. d4 Bb4 7. O-O Bxc3 8.
bxc3 O-O 9. Bg5 h6 10. Bxf6 Qxf6 11. Rb1 d6 12. a4 Nd7 13. Nd2 Bxg2 14. Kxg2
f4 15. Nf3 e5 16. e3 e4 17. Nd2 f3+ 18. Kh1 Qe6 19. Qc2 Rae8 20. Rb5 a6 21.
Rb4 Rf5 22. Rg1 Rh5 23. d5 Qh3 24. Nf1 Nf6 25. c5 Ng4 26. Rxe4 Qxh2+ 27.
Nxh2 Rxh2# {White checkmated} 0-1

[Event "ICC tourney 2029 (45 10)"]
[Site "Internet Chess Club"]
[Date "2020.10.03"]
[Round "1"]
[White "happyscientist"]
[Black "Openyagami"]
[Result "0-1"]
[ICCResult "White resigns"]
[WhiteElo "1686"]
[BlackElo "2574"]
[Opening "Sicilian: Alapin's variation (2.c3)"]
[ECO "B22"]
[NIC "SI.47"]
[Time "11:06:44"]
[TimeControl "2700+10"]

1. e4 c5 2. c3 Nf6 3. e5 Nd5 4. d4 cxd4 5. cxd4 Nc6 6. Nc3 Nxc3 7. bxc3 d6
8. exd6 e6 9. Nf3 Bxd6 10. Bb5 O-O 11. O-O Bd7 12. Re1 Rc8 13. Bb2 Na5 14.
Qa4 Rc4 15. Bxd7 Rxa4 16. Bxa4 Nc4 17. Rab1 Qa5 18. Bb3 Nxb2 19. Rxb2 Qxc3
20. Rc2 Qa5 21. Rd1 h6 22. Nd2 Qh5 23. Nf3 Bxh2+ 24. Kf1 Bd6 25. Rcc1 Qh1+
26. Ke2 Qxg2 27. Rg1 Qh3 28. Rc2 Qf5 29. Nd2 Qf4 {White resigns} 0-1

[Event "ICC tourney 2029 (45 10)"]
[Site "Internet Chess Club"]
[Date "2020.10.03"]
[Round "1"]
[White "Brian6712"]
[Black "chessmaster0981"]
[Result "1-0"]
[ICCResult "Black checkmated"]
[WhiteElo "2058"]
[BlackElo "1636"]
[Opening "French: exchange variation"]
[ECO "C01"]
[NIC "FR.01"]
[Time "11:06:42"]
[TimeControl "2700+10"]

1. e4 e6 2. d4 d5 3. exd5 exd5 4. Bd3 Bd6 5. Qf3 Nf6 6. h3 O-O 7. Ne2 Re8 8.
O-O c6 9. Nbc3 h6 10. Ng3 Be6 11. Nf5 Bxf5 12. Qxf5 Nbd7 13. Bd2 Nf8 14. Qf3
Ne6 15. Ne2 Qb6 16. c3 Qxb2 17. Bxh6 Qb6 18. Ng3 Bf8 19. Be3 Qc7 20. Qf5 Bd6
21. Nh5 Nxh5 22. Qh7+ Kf8 23. Qxh5 Ke7 24. Bg5+ Nxg5 25. Qxg5+ Kf8 26. Qh5
Ke7 27. Rfe1+ Kd8 28. Rxe8+ Kxe8 29. Re1+ Kd8 30. Qh8+ Kd7 31. Qxa8 Qa5 32.
Bf5+ Kc7 33. Qc8+ Kb6 34. Rb1+ Ka6 35. Qxb7# {Black checkmated} 1-0

[Event "ICC tourney 2029 (45 10)"]
[Site "Internet Chess Club"]
[Date "2020.10.03"]
[Round "1"]
[White "isabellahall"]
[Black "psampat"]
[Result "1/2-1/2"]
[ICCResult "Game drawn by mutual agreement"]
[WhiteElo "1584"]
[BlackElo "1866"]
[Opening "Caro-Kann: exchange variation"]
[ECO "B13"]
[NIC "CK.02"]
[Time "11:07:03"]
[TimeControl "2700+10"]

1. e4 c6 2. d4 d5 3. exd5 cxd5 4. Nf3 Nf6 5. Nc3 Nc6 6. Bb5 a6 7. Bxc6+ bxc6
8. O-O e6 9. Bg5 Be7 10. Re1 O-O 11. Ne5 Qc7 12. Qf3 Bb7 13. Rad1 c5 14. Qg3
Rfe8 15. dxc5 Qxc5 16. Bxf6 Bxf6 17. Nd7 Qe7 18. Qc7 Bxc3 19. bxc3 Rab8 20.
Rb1 {Game drawn by mutual agreement} 1/2-1/2

[Event "ICC tourney 2029 (45 10)"]
[Site "Internet Chess Club"]
[Date "2020.10.03"]
[Round "1"]
[White "hankmd"]
[Black "gsmenon"]
[Result "0-1"]
[ICCResult "White resigns"]
[WhiteElo "1581"]
[BlackElo "1974"]
[Opening "QGD: 4.Bg5 Be7"]
[ECO "D53"]
[NIC "QO.13"]
[Time "11:06:41"]
[TimeControl "2700+10"]

1. d4 d5 2. c4 e6 3. Nc3 Nf6 4. Bg5 Be7 5. e3 a6 6. Nf3 dxc4 7. Bxc4 b5 8.
Bb3 Nbd7 9. O-O O-O 10. Rc1 c5 11. dxc5 Nxc5 12. Bc2 Bb7 13. Nd2 b4 14. Ne2
Qd5 15. Nf4 Qxg5 16. Nf3 Bxf3 17. Qxf3 Rac8 18. Qe2 Nd5 19. Nd3 a5 20. f4
Qf6 21. Ne5 Bd6 22. Ng4 Qe7 23. f5 Nf6 24. fxe6 Nxg4 25. Qxg4 Qxe6 26. Bf5
Qxe3+ 27. Kh1 Qh6 28. h3 Ne6 29. Rxc8 Rxc8 30. Qd4 Nxd4 {White resigns} 0-1

[Event "ICC tourney 2029 (45 10)"]
[Site "Internet Chess Club"]
[Date "2020.10.03"]
[Round "1"]
[White "GGuseinov"]
[Black "peekaboopenguin"]
[Result "1-0"]
[ICCResult "Black checkmated"]
[WhiteElo "2715"]
[BlackElo "1695"]
[Opening "Sicilian: closed"]
[ECO "B23"]
[NIC "SI.44"]
[Time "11:06:47"]
[TimeControl "2700+10"]

1. e4 c5 2. Nc3 e6 3. Nf3 Qc7 4. g3 d6 5. Bg2 a6 6. O-O Nf6 7. d4 cxd4 8.
Nxd4 Be7 9. f4 O-O 10. g4 Nc6 11. g5 Nd7 12. Be3 Nb6 13. Nxc6 bxc6 14. Kh1
Nc4 15. Bc1 Rb8 16. b3 Nb6 17. f5 Re8 18. Qf3 f6 19. Qh5 Bd7 20. g6 h6 21.
Bxh6 Bf8 22. Bg5 Be7 23. Qh7+ Kf8 24. Qh8# {Black checkmated} 1-0

[Event "ICC tourney 2029 (45 10)"]
[Site "Internet Chess Club"]
[Date "2020.10.03"]
[Round "1"]
[White "HenriVZ"]
[Black "salamenceg"]
[Result "1-0"]
[ICCResult "Black checkmated"]
[WhiteElo "1685"]
[BlackElo "1088"]
[Opening "Giuoco Piano: Anderssen variation"]
[ECO "C54"]
[NIC "IG.02"]
[Time "11:06:35"]
[TimeControl "2700+10"]

1. e4 e5 2. Nf3 Nc6 3. Bc4 Bc5 4. c3 Nf6 5. d4 exd4 6. e5 d5 7. Bb5 Ne4 8.
cxd4 Bb4+ 9. Bd2 Nxd2 10. Nbxd2 O-O 11. O-O Bg4 12. Qa4 Bxd2 13. Nxd2 Bd7
14. Bxc6 Bxc6 15. Qc2 Qg5 16. Nb3 Bd7 17. f4 Qg4 18. Rf3 Bf5 19. Qf2 Be4 20.
Rg3 Qe6 21. Nc5 Qc6 22. Nxe4 dxe4 23. Rc3 Qb6 24. Re1 f5 25. exf6 Rxf6 26.
Rxe4 Raf8 27. Rf3 Qc6 28. Re1 g5 29. Qg3 Rg6 30. f5 Rg7 31. Qe5 g4 32. Rc3
Qb6 33. Qe6+ Qxe6 34. fxe6 Re8 35. d5 Kf8 36. Rec1 Rd8 37. Rxc7 Rxd5 38.
Rf1+ Kg8 39. Rc8+ Rd8 40. Rxd8# {Black checkmated} 1-0

[Event "ICC tourney 2029 (45 10)"]
[Site "Internet Chess Club"]
[Date "2020.10.03"]
[Round "1"]
[White "VincentT2008"]
[Black "landonp"]
[Result "1-0"]
[ICCResult "Black checkmated"]
[WhiteElo "1805"]
[BlackElo "1344"]
[Opening "Grünfeld: exchange variation"]
[ECO "D85"]
[NIC "GI.04"]
[Time "11:06:51"]
[TimeControl "2700+10"]

1. d4 Nf6 2. c4 g6 3. Nc3 d5 4. cxd5 Nxd5 5. e4 Nxc3 6. bxc3 Bg7 7. Be3 O-O
8. Nf3 c5 9. Qd2 Qa5 10. Rc1 Rd8 11. d5 Nc6 12. Bd3 Ne5 13. Nxe5 Bxe5 14. f4
Bg7 15. c4 Qxd2+ 16. Kxd2 b6 17. e5 Bb7 18. Ke2 e6 19. dxe6 Bxg2 20. exf7+
Kxf7 21. Rhd1 Rd7 22. Bxg6+ hxg6 23. Rxd7+ Kg8 24. Rcd1 Kh7 25. Rd8 Rxd8 26.
Rxd8 Bh3 27. Re8 Bg4+ 28. Kd2 Bf5 29. Re7 a5 30. Rb7 Bb1 31. e6 g5 32. fxg5
Bg6 33. Rxb6 Be5 34. e7 Bf7 35. g6+ Bxg6 36. Rxg6 Kxg6 37. e8=Q+ Kf6 38.
Bg5+ Kxg5 39. Qxe5+ Kg4 40. Qf6 Kh5 41. Qg7 Kh4 42. Ke3 Kh3 43. Qg3#
{Black checkmated}
1-0

[Event "ICC tourney 2029 (45 10)"]
[Site "Internet Chess Club"]
[Date "2020.10.03"]
[Round "1"]
[White "chessmilano"]
[Black "helavir"]
[Result "0-1"]
[ICCResult "White resigns"]
[WhiteElo "1689"]
[BlackElo "2624"]
[Opening "Queen's pawn, Mason variation"]
[ECO "D00"]
[NIC "QP.08"]
[Time "11:06:52"]
[TimeControl "2700+10"]

1. d4 d5 2. Bf4 Nf6 3. e3 c5 4. Nf3 Nc6 5. c3 e6 6. Nbd2 Be7 7. h3 a6 8. a4
b6 9. Bd3 Bb7 10. O-O O-O 11. Re1 c4 12. Bc2 b5 13. axb5 axb5 14. b4 cxb3
15. Nxb3 Qb6 16. Qd3 b4 17. c4 dxc4 18. Qxc4 Ba6 19. Rxa6 Qxa6 20. Bd3 Qxc4
21. Bxc4 Rfc8 22. Bb5 Na5 23. Rb1 Nd5 24. Nc5 Bxc5 25. dxc5 Rxc5 26. Ba4
Rac8 27. Kh2 Rc1 28. Rb2 Nc4 29. Rb3 Ncb6 30. Bb5 R8c3 31. Rb2 R3c2 32. Rb3
Rxf2 33. Be5 Nc4 34. Bxc4 Rxc4 35. Bd4 Ra2 36. Ne1 Ra3 37. Rb2 Nxe3 38. Bxe3
Rxe3 39. Nc2 Re2 {White resigns} 0-1

[Event "ICC tourney 2029 (45 10)"]
[Site "Internet Chess Club"]
[Date "2020.10.03"]
[Round "1"]
[White "keb2020"]
[Black "marinaxiao"]
[Result "1-0"]
[ICCResult "Black resigns"]
[WhiteElo "1821"]
[BlackElo "1431"]
[Opening "Van't Kruijs opening"]
[ECO "A00"]
[Time "11:06:44"]
[TimeControl "2700+10"]

1. e3 e6 2. b3 d5 3. Bb2 Nf6 4. Nf3 Be7 5. c4 c5 6. d4 Nc6 7. Nc3 b6 8. cxd5
exd5 9. Bb5 Bb7 10. O-O O-O 11. Qe2 a6 12. Bd3 Nb4 13. Bb1 Re8 14. a3 Nc6
15. Rd1 cxd4 16. Nxd4 Nxd4 17. Rxd4 Bc5 18. Rd1 Qc7 19. b4 Bd6 20. h3 Qc6
21. Rc1 Rac8 22. Bd3 Qd7 23. Bxa6 d4 24. Bxb7 Qxb7 25. Nb5 Qd5 26. Nxd6
Rxc1+ 27. Rxc1 Qxd6 28. Qd3 Ne4 29. Qxd4 Qg6 30. Rc6 Qg5 31. Qxe4 Qd8 32.
Qd4 Qg5 33. h4 {Black resigns} 1-0

[Event "ICC tourney 2029 (45 10)"]
[Site "Internet Chess Club"]
[Date "2020.10.03"]
[Round "1"]
[White "ASharikov"]
[Black "CoastalJourney"]
[Result "1-0"]
[ICCResult "Black resigns"]
[WhiteElo "2286"]
[BlackElo "1676"]
[Opening "Nimzo-Indian: Reshevsky variation"]
[ECO "E46"]
[NIC "NI.10"]
[Time "11:06:49"]
[TimeControl "2700+10"]

1. d4 Nf6 2. c4 e6 3. Nc3 Bb4 4. e3 O-O 5. Ne2 b6 6. a3 Bxc3+ 7. Nxc3 Bb7 8.
Bd3 d6 9. e4 Nc6 10. Ne2 e5 11. d5 Ne7 12. O-O Ng6 13. f3 Re8 14. Be3 a6 15.
Qd2 Qe7 16. Ng3 Qd7 17. Bg5 Qd8 18. Nh5 Qe7 19. Bxf6 gxf6 20. Qh6 Qf8 21.
Nxf6+ {Black resigns} 1-0

[Event "ICC tourney 2029 (45 10)"]
[Site "Internet Chess Club"]
[Date "2020.10.03"]
[Round "1"]
[White "PawnGrubber21"]
[Black "mnm2"]
[Result "0-1"]
[ICCResult "White resigns"]
[WhiteElo "1679"]
[BlackElo "1309"]
[Opening "Sicilian"]
[ECO "B56"]
[NIC "SI.25"]
[Time "11:07:14"]
[TimeControl "2700+10"]

1. e4 c5 2. Nf3 d6 3. d4 cxd4 4. Nxd4 Nf6 5. Nc3 Nc6 6. Be3 Ng4 7. Bg5 Qb6
8. Nd5 Qxd4 9. Qxd4 Nxd4 10. O-O-O Ne6 11. Bb5+ Bd7 12. Bxd7+ Kxd7 13. Bh4
g5 14. Bg3 Bg7 15. f3 Ne5 16. Ne3 Rac8 17. Nf5 Bf6 18. h4 gxh4 19. Bh2 Rhg8
20. f4 Rxg2 21. c3 Nc4 22. e5 Bg7 23. Nxh4 Rxb2 24. f5 Bh6+ {White resigns}
0-1

[Event "ICC tourney 2029 (45 10)"]
[Site "Internet Chess Club"]
[Date "2020.10.03"]
[Round "1"]
[White "IndianTerritory"]
[Black "avats"]
[Result "1-0"]
[ICCResult "Black resigns"]
[WhiteElo "2003"]
[BlackElo "1599"]
[Opening "French: Tarrasch, closed variation"]
[ECO "C05"]
[NIC "FR.16"]
[Time "11:07:15"]
[TimeControl "2700+10"]

1. e4 e6 2. d4 d5 3. Nd2 Nf6 4. e5 Nfd7 5. f4 c5 6. c3 Nc6 7. Ndf3 Qb6 8. g3
cxd4 9. cxd4 Bb4+ 10. Kf2 O-O 11. Ne2 f6 12. Bh3 Ndb8 13. exf6 Rxf6 14. Be3
Na6 15. Nc3 Bd7 16. Nxd5 exd5 17. Bxd7 Raf8 18. Kg2 Qc7 19. Ne5 Nab8 20. Bg4
Ne7 21. Rc1 Qd6 22. a3 Ba5 23. b4 Bb6 24. Qd3 Nf5 25. Rhe1 Nxe3+ 26. Rxe3
Nc6 27. Nxc6 bxc6 28. Rce1 Bc7 29. Re7 Bb6 30. Rd7 Qxd7 31. Bxd7 g5 32. Re7
{Black resigns}
1-0

[Event "ICC tourney 2029 (45 10)"]
[Site "Internet Chess Club"]
[Date "2020.10.03"]
[Round "1"]
[White "joeandjoe56"]
[Black "JACOBCHESS857"]
[Result "1-0"]
[ICCResult "Black checkmated"]
[WhiteElo "1771"]
[BlackElo "1321"]
[Opening "Ruy Lopez: classical defense, 4.c3"]
[ECO "C64"]
[NIC "RL.01"]
[Time "11:06:36"]
[TimeControl "2700+10"]

1. e4 e5 2. Nf3 Nc6 3. Bb5 Bc5 4. c3 a6 5. Ba4 Nf6 6. O-O b5 7. Bc2 Bb6 8.
d4 d6 9. a4 Bb7 10. Re1 O-O 11. Bg5 h6 12. Bh4 b4 13. d5 Ne7 14. Bxf6 gxf6
15. cxb4 Kh8 16. Qc1 Kh7 17. Nh4 Rg8 18. Ra3 c5 19. Rh3 Qf8 20. bxc5 Bxc5
21. Nd2 Ng6 22. Nf5 Rg7 23. Rxh6+ Kg8 24. Nxg7 Qxg7 25. Rh3 Kf8 26. Nf1 Ke7
27. Qh6 Qg8 28. Ne3 Bc8 29. Rg3 Qe8 30. Nf5+ Bxf5 31. exf5 Nf8 32. h4 Nd7
33. h5 Qh8 34. Qxh8 Rxh8 35. Rh3 Nb6 36. Bb3 Bd4 37. Rc1 Kd7 38. Rc6 a5 39.
h6 Rh7 40. Kf1 Bc5 41. Ke2 Bd4 42. Kd3 Bc5 43. f3 Bd4 44. Rh1 Bc5 45. g4 Bd4
46. f4 Bc5 47. g5 fxg5 48. fxg5 Bd4 49. g6 fxg6 50. fxg6 Rh8 51. g7 Rg8 52.
h7 Rxg7 53. h8=Q Re7 54. Rh7 Rxh7 55. Qxh7+ Ke8 56. Rc7 Kd8 57. Qe7#
{Black checkmated}
1-0

[Event "ICC tourney 2029 (45 10)"]
[Site "Internet Chess Club"]
[Date "2020.10.03"]
[Round "1"]
[White "e4f5"]
[Black "tigertiger2019"]
[Result "1-0"]
[ICCResult "Black checkmated"]
[WhiteElo "2195"]
[BlackElo "1660"]
[Opening "Sicilian: Najdorf, Opocensky variation"]
[ECO "B92"]
[NIC "SI.11"]
[Time "11:06:53"]
[TimeControl "2700+10"]

1. e4 c5 2. Nf3 d6 3. d4 cxd4 4. Nxd4 Nf6 5. Nc3 a6 6. Be2 e5 7. Nb3 Be7 8.
O-O O-O 9. Kh1 Qc7 10. f4 exf4 11. Bxf4 Nc6 12. Qe1 Be6 13. Qg3 Ne5 14. Nd4
Ng6 15. Bg5 Qc5 16. Nf5 Bxf5 17. exf5 Ne5 18. Bh6 Ne8 19. f6 Bxf6 20. Ne4
Qxc2 21. Nxf6+ Kh8 22. Nxe8 g6 23. Bxf8 Rxe8 24. Bxd6 Qxe2 25. Rae1 Qb5 26.
Bxe5+ Kg8 27. Bc3 Rc8 28. Qf3 Qd7 29. Qf6 Rxc3 30. bxc3 a5 31. Re7 Qb5 32.
Qxf7+ Kh8 33. Qf8# {Black checkmated} 1-0

[Event "ICC tourney 2029 (45 10)"]
[Site "Internet Chess Club"]
[Date "2020.10.03"]
[Round "1"]
[White "chesslin"]
[Black "Deveshc"]
[Result "0-1"]
[ICCResult "White resigns"]
[WhiteElo "1848"]
[BlackElo "1534"]
[Opening "Queen's pawn, Mason variation"]
[ECO "D00"]
[NIC "QP.08"]
[Time "11:06:45"]
[TimeControl "2700+10"]

1. d4 d5 2. Bf4 Nf6 3. e3 e6 4. Nd2 Bd6 5. Bg3 b6 6. Bd3 Ba6 7. c4 O-O 8.
Ngf3 c5 9. O-O Nc6 10. Rc1 Rc8 11. Qa4 Bb7 12. Rfd1 Bxg3 13. hxg3 dxc4 14.
Nxc4 cxd4 15. exd4 a6 16. Nce5 b5 17. Bxb5 axb5 18. Qxb5 Nxe5 19. Qxb7 Nxf3+
20. gxf3 Rxc1 21. Rxc1 Qxd4 22. Rc8 Qd5 23. Qb8 Nd7 24. Qc7 Rxc8 25. Qxc8+
Nf8 26. b4 Qxf3 27. b5 Qd1+ 28. Kh2 Qh5+ 29. Kg1 Qxb5 30. Qa8 Qd5 31. Qxd5
exd5 32. a4 Nd7 33. a5 Nc5 34. Kf1 Kf8 35. Ke2 Ke7 36. Ke3 Kd6 37. Kd4 Nb3+
{White resigns}
0-1

[Event "ICC tourney 2029 (45 10)"]
[Site "Internet Chess Club"]
[Date "2020.10.03"]
[Round "1"]
[White "ivo20"]
[Black "soggydollar"]
[Result "0-1"]
[ICCResult "White resigns"]
[WhiteElo "1342"]
[BlackElo "1793"]
[Opening "English opening"]
[ECO "A20"]
[NIC "EO.25"]
[Time "11:06:33"]
[TimeControl "2700+10"]

1. c4 e5 2. e4 Nc6 3. Nc3 Nf6 4. d3 Bc5 5. h3 d6 6. Nf3 O-O 7. Be3 Nd4 8.
Bxd4 exd4 9. Nb5 Bb4+ 10. Nd2 c5 11. Na3 Re8 12. Be2 Bd7 13. O-O a6 14. Nc2
Ba5 15. a3 b5 16. b4 Bb6 17. Ne1 Qc7 18. Nef3 a5 19. Nh2 axb4 20. axb4 cxb4
21. Rxa8 Rxa8 22. Ng4 Nxg4 23. Bxg4 Bxg4 24. Qxg4 Ra2 25. Qd1 Ra3 26. Qf3 g6
27. Re1 Ba5 28. Rb1 Kg7 29. cxb5 Qc2 30. Qd1 Qxd3 31. b6 Bxb6 32. Nf3 Qxd1+
33. Rxd1 b3 34. Nd2 b2 35. Nc4 Ra1 36. Nxb2 Rxd1+ 37. Nxd1 Kf6 38. f3 Ke5
39. Kf1 d3 40. Ke1 Ba5+ 41. Kf2 Kd4 42. Ne3 Bd2 43. Nd5 Kc4 44. Nb6+ Kc3 45.
g3 Kc2 46. Nc4 Bc1 47. e5 dxe5 48. Ke1 d2+ 49. Nxd2 Bxd2+ 50. Ke2 Bc3 51.
Ke3 f5 52. f4 e4 53. g4 Kb3 54. gxf5 gxf5 55. h4 Kc4 56. h5 Bd4+ 57. Ke2 Kc3
{White resigns}
0-1

[Event "ICC tourney 2029 (45 10)"]
[Site "Internet Chess Club"]
[Date "2020.10.03"]
[Round "1"]
[White "Niteshc"]
[Black "Gfprasanna"]
[Result "0-1"]
[ICCResult "White checkmated"]
[WhiteElo "1645"]
[BlackElo "2136"]
[Opening "Giuoco Piano"]
[ECO "C54"]
[NIC "IG.02"]
[Time "11:06:54"]
[TimeControl "2700+10"]

1. e4 e5 2. Nf3 Nc6 3. Bc4 Bc5 4. c3 Nf6 5. d3 d6 6. h3 h6 7. Bb3 Bb6 8.
Nbd2 Be6 9. Nc4 Ne7 10. Nxb6 Bxb3 11. Qxb3 axb6 12. Be3 Ng6 13. g3 Qd7 14.
O-O-O Qc6 15. Nd2 O-O 16. f4 d5 17. f5 Ne7 18. Nf3 Nd7 19. Rhe1 d4 20. Bf2
dxc3 21. bxc3 Ra5 22. Re2 Rfa8 23. Rc2 Nxf5 24. d4 Qxe4 25. dxe5 Nxe5 26.
Nxe5 Rxe5 27. Rcd2 Nd6 28. g4 Qf4 29. Kc2 Rb5 30. Rxd6 Rxb3 31. Rd8+ Rxd8
32. Rxd8+ Kh7 33. Kxb3 Qxf2 34. Rd7 Qc5 35. Rxf7 Qd5+ 36. c4 Qxf7 37. a4 c5
38. a5 bxa5 39. g5 Qf3+ 40. Ka4 Qc3 41. g6+ Kg8 42. Kb5 Qb4# {White
checkmated} 0-1

[Event "ICC tourney 2029 (45 10)"]
[Site "Internet Chess Club"]
[Date "2020.10.03"]
[Round "1"]
[White "ethanpu"]
[Black "jairam09"]
[Result "0-1"]
[ICCResult "White checkmated"]
[WhiteElo "1366"]
[BlackElo "1810"]
[Opening "Caro-Kann defense"]
[ECO "B10"]
[NIC "CK.01"]
[Time "11:06:50"]
[TimeControl "2700+10"]

1. e4 c6 2. Nf3 d5 3. exd5 cxd5 4. d4 Bg4 5. h4 h5 6. Nc3 e6 7. a3 Bd6 8.
Be2 Nc6 9. Bd2 Nf6 10. Bg5 O-O 11. Qd2 Be7 12. O-O-O a6 13. Ne5 Bxe2 14.
Qxe2 Nxe5 15. dxe5 Ng4 16. Bxe7 Qxe7 17. f3 Nh6 18. g4 hxg4 19. fxg4 Rfc8
20. Kb1 Qc5 21. g5 Nf5 22. Qd3 b5 23. Rc1 b4 24. Na4 Qa5 25. Qb3 Rab8 26. h5
bxa3 27. Qxa3 Rc4 28. b3 Rxa4 29. Qb2 Rg4 30. h6 g6 31. Rcg1 Rxg1+ 32. Rxg1
Qc5 33. Rh1 Qd4 34. Qa3 Qe4 35. h7+ Kh8 36. Rc1 Kxh7 37. Qa2 Nd4 38. Ka1 Ne2
39. Re1 Qxe5+ 40. Qb2 Qxb2+ 41. Kxb2 Nd4 42. Rd1 Nf3 43. Ra1 Rb6 44. Kc3
Nxg5 45. b4 Ne4+ 46. Kb3 Kg7 47. c3 Nd2+ 48. Kc2 Nc4 49. Kb3 f5 50. Kc2 g5
51. Kd3 Kf6 52. Kd4 Rc6 53. Kd3 f4 54. Ke2 Kf5 55. Kf3 g4+ 56. Kf2 e5 57.
Ke2 f3+ 58. Kf2 Kf4 59. Rg1 e4 60. Re1 g3+ 61. Kf1 Nd2+ 62. Kg1 f2+ 63. Kg2
fxe1=Q 64. Kh3 Rh6+ 65. Kg2 Qh1# {White checkmated} 0-1

[Event "ICC tourney 2029 (45 10)"]
[Site "Internet Chess Club"]
[Date "2020.10.03"]
[Round "1"]
[White "goodcrowdchess"]
[Black "rychessmaster1"]
[Result "0-1"]
[ICCResult "White checkmated"]
[WhiteElo "1652"]
[BlackElo "2205"]
[Opening "Scotch: Schmidt variation"]
[ECO "C45"]
[NIC "SO.04"]
[Time "11:06:52"]
[TimeControl "2700+10"]

1. e4 e5 2. Nf3 Nc6 3. d4 exd4 4. Nxd4 Nf6 5. Nc3 Bb4 6. Nxc6 bxc6 7. Bd3
O-O 8. O-O d5 9. exd5 Bg4 10. f3 Bh5 11. Bg5 Bxc3 12. bxc3 cxd5 13. Qd2 Qd6
14. Rab1 Bg6 15. Rfd1 Rab8 16. Rb3 Rfe8 17. Rdb1 Rxb3 18. axb3 Qb6+ 19. Kh1
Bxd3 20. Qxd3 Qf2 21. h3 Nh5 22. Qxd5 h6 23. Bd8 Nf4 24. Rg1 Nxd5 25. Bxc7
Nxc7 26. c4 Re2 27. c5 Qxc5 28. c4 Ne6 29. b4 Qxc4 30. Rd1 Qc2 31. Rg1 Nf4
32. b5 Rxg2 33. Ra1 Rh2+ 34. Kg1 Qf2# {White checkmated} 0-1

[Event "ICC tourney 2029 (45 10)"]
[Site "Internet Chess Club"]
[Date "2020.10.03"]
[Round "1"]
[White "castle2king"]
[Black "bonnelleo1"]
[Result "0-1"]
[ICCResult "White resigns"]
[WhiteElo "1552"]
[BlackElo "1916"]
[Opening "French: Tarrasch"]
[ECO "C03"]
[NIC "FR.14"]
[Time "11:06:44"]
[TimeControl "2700+10"]

1. e4 e6 2. d4 d5 3. Nd2 Be7 4. Ngf3 Nf6 5. e5 Nfd7 6. Bd3 c5 7. c3 Nc6 8.
O-O Qb6 9. Re1 cxd4 10. cxd4 Nxd4 11. Nxd4 Qxd4 12. Nf3 Qb6 13. Qa4 Bc5 14.
Be3 Qb4 15. Qc2 h6 16. a3 Qb6 17. Rac1 Bxe3 18. Rxe3 Ke7 19. b4 Nf8 20. Qc7+
Bd7 21. Qxb6 axb6 22. Bb1 Ng6 23. Bxg6 fxg6 24. Nh4 Rhc8 25. Rec3 g5 26. Nf3
Rxa3 27. Rxc8 Bxc8 28. h3 Bd7 29. Nd4 Rd3 30. Nf3 Rb3 31. Rc7 Kd8 32. Rxb7
Rxb4 33. Ra7 Rc4 34. Rb7 b5 35. Nd2 Kc8 36. Ra7 Ra4 37. Rxa4 bxa4 38. Nb1
Kb7 39. Kf1 Kb6 40. Ke2 Kb5 41. Kd2 Kb4 42. Kc2 a3 43. Nxa3 Kxa3 44. Kc3 Ka4
45. Kd4 Kb5 {White resigns} 0-1

[Event "ICC tourney 2029 (45 10)"]
[Site "Internet Chess Club"]
[Date "2020.10.03"]
[Round "1"]
[White "DanielA1926"]
[Black "pianoboy"]
[Result "0-1"]
[ICCResult "White checkmated"]
[WhiteElo "1521"]
[BlackElo "1893"]
[Opening "Queen's pawn game, Krause variation"]
[ECO "D02"]
[NIC "QP.08"]
[Time "11:06:42"]
[TimeControl "2700+10"]

1. d4 d5 2. Nf3 c5 3. e3 Nc6 4. c4 e6 5. Nc3 Nf6 6. Be2 dxc4 7. Bxc4 Be7 8.
O-O O-O 9. dxc5 Bxc5 10. a3 a6 11. b4 Ba7 12. Bb2 b5 13. Bb3 Bb7 14. Qe2 Qc7
15. Rfd1 Rfd8 16. Rxd8+ Rxd8 17. Rd1 Ne7 18. Nd4 Bb8 19. g3 h6 20. a4 e5 21.
Nf3 bxa4 22. Nxa4 Rxd1+ 23. Qxd1 Nd7 24. Nc5 Nxc5 25. bxc5 Ng6 26. h3 Ba7
27. Nxe5 Nxe5 28. Bxe5 Qxe5 29. Qd8+ Kh7 30. c6 Bxc6 31. Qd3+ Qe4 32. Qxe4+
Bxe4 33. Bxf7 a5 34. Kf1 a4 35. Ke1 a3 36. Ba2 Kg6 37. Kd2 Kf6 38. Kc3 Bc5
39. Kc4 Bf8 40. Kd4 Bf5 41. g4 Be6 42. Bxe6 Kxe6 43. Kc3 Kd5 44. f3 g5 45.
Kb3 Bc5 46. e4+ Ke5 47. Kc2 Kf4 48. Kc3 Kxf3 49. e5 Ke4 50. e6 Ke5 51. e7
Bxe7 52. h4 gxh4 53. g5 hxg5 54. Kb3 g4 55. Kc3 g3 56. Kb3 g2 57. Kc2 g1=Q
58. Kd3 Qd1+ 59. Kc3 a2 60. Kc4 Qd4+ 61. Kb5 Qb4+ 62. Kc6 a1=Q 63. Kd7 Qd6+
64. Ke8 Qa8+ 65. Kf7 Qf8# {White checkmated} 0-1

[Event "ICC tourney 2029 (45 10)"]
[Site "Internet Chess Club"]
[Date "2020.10.03"]
[Round "1"]
[White "Heliosis"]
[Black "buckleyoh"]
[Result "1-0"]
[ICCResult "Black resigns"]
[WhiteElo "1868"]
[BlackElo "1453"]
[Opening "Ruy Lopez: closed, anti-Marshall 8.a4"]
[ECO "C88"]
[NIC "RL.18"]
[Time "11:06:57"]
[TimeControl "2700+10"]

1. e4 e5 2. Nf3 Nc6 3. Bb5 a6 4. Ba4 Nf6 5. O-O Be7 6. Re1 b5 7. Bb3 O-O 8.
a4 Bb7 9. c3 d5 10. exd5 Nxd5 11. axb5 axb5 12. Rxa8 Bxa8 13. d4 exd4 14.
cxd4 Ncb4 15. Nc3 c5 16. Nxd5 Bxd5 17. Bxd5 Nxd5 18. Qb3 cxd4 19. Nxd4 Qa5
20. Rf1 Qa8 21. Qxb5 Bf6 22. Be3 Nxe3 23. fxe3 Rb8 24. Qe2 Qe4 25. Qd2 Rd8
26. Rc1 Bg5 27. Re1 g6 28. Qc3 Bf6 29. Qc6 Qh4 30. Nf3 {Black resigns} 1-0

[Event "ICC tourney 2029 (45 10)"]
[Site "Internet Chess Club"]
[Date "2020.10.03"]
[Round "1"]
[White "wulovechess"]
[Black "mopaska1106"]
[Result "1-0"]
[ICCResult "Black resigns"]
[WhiteElo "1601"]
[BlackElo "1932"]
[Opening "Sicilian: Labourdonnais-Löwenthal variation"]
[ECO "B32"]
[NIC "SI.32"]
[Time "11:06:45"]
[TimeControl "2700+10"]

1. e4 c5 2. Nf3 Nc6 3. d4 cxd4 4. Nxd4 e5 5. Nb3 Nf6 6. Bg5 h6 7. Bh4 g5 8.
Bg3 Nxe4 9. Bc4 Bg7 10. Qd5 O-O 11. Qxe4 Ne7 12. Nc3 d6 13. O-O Kh8 14. Rad1
f5 15. Qd3 f4 16. Qxd6 Qxd6 17. Rxd6 Bf5 18. Bd3 Rad8 19. Rxd8 Rxd8 20. Bxf5
Nxf5 21. h3 fxg3 22. fxg3 Nxg3 23. Rf7 e4 24. Kf2 Be5 25. Ke3 Kg8 26. Rxb7
Bf4+ 27. Kf2 a5 28. Ra7 Rf8 29. Ke1 Bb8 30. Ra8 e3 31. Rxb8 Rxb8 32. Nd5 a4
33. Nc1 e2 34. Nd3 a3 35. b3 Kg7 36. Kf2 Re8 37. Kxg3 e1=Q+ 38. Nxe1 Rxe1
39. c4 Rd1 40. Nb4 Kf6 41. Kf2 Rd2+ 42. Kf3 Ke6 43. g3 Kd6 44. Ke3 Rg2 45.
Kf3 Rh2 46. Kg4 Kc5 47. Nd3+ Kd4 48. Nb4 Kc3 49. Nd5+ Kb2 50. Nb4 Rd2 51.
Kh5 Kc3 52. Nd5+ Kd4 53. Nb4 Ke5 54. Kxh6 Kf5 55. c5 Kf6 56. c6 Rd8 57. Kh7
Rc8 58. Nd5+ Ke6 59. Nb4 Rb8 60. c7 Rc8 61. Na6 Kf7 62. b4 {Black resigns}
1-0